 Dungeon Crawl Stone Soup version 0.27-a0-1140-g099f9bb0e8 (webtiles) character file.

Game seed: 18422599372019962481

57 Vomitron the Magician (level 4, -1/32 HPs)
             Began as a Djinni Venom Mage on May 8, 2021.
             Slain by a gnoll
             ... wielding a +0 club
              (6 damage)
             ... on level 2 of the Dungeon.
             The game lasted 00:02:46 (1391 turns).

Vomitron the Magician (Djinni Venom Mage)           Turns: 1391, Time: 00:02:46

Health: -1/32      AC:  2    Str:  7    XL:     4   Next: 0%
Gold:   54         EV: 12    Int: 17    God:
                   SH:  0    Dex: 14

rFire    + + .     SeeInvis .   i - +1 whip (flame)
rCold    x . .     Faith    .   (no shield)
rNeg     . . .     Spirit   .   a - +0 robe
rPois    ∞         Reflect  .   (no helmet)
rElec    .         Harm     .   (no cloak)
rCorr    .         Rampage  .   (no gloves)
Will     .....                  (boots unavailable)
Stlth    ++........             (no amulet)
HPRegen  0.10/turn              (no ring)
MPRegen  0.00/turn              (no ring)

@: flying
A: sickness immunity, fire resistance 2, cold vulnerability 1, float, innate
caster, hp casting, extra vitality 1
a: no special abilities


You were on level 2 of the Dungeon.
You visited 1 branch of the dungeon, and saw 2 of its levels.

You collected 54 gold pieces.

Inventory:

Hand Weapons
 i - a +1 whip of flaming (weapon)
Armour
 a - a +0 robe (worn)
Jewellery
 d - an amulet of the acrobat
Scrolls
 f - 2 scrolls of noise {unknown}
 g - a scroll of identify {unknown}
 h - a scroll of enchant weapon {unknown}
Potions
 b - a potion of resistance {unknown}
 c - a potion of heal wounds {unknown}
 e - a potion of curing {unknown}


   Skills:
 + Level 1.6 Fighting
 - Level 2.2 Dodging
 - Level 1.6 Stealth
 * Level 3.7 Spellcasting


You couldn't memorise any spells.
You knew the following spells:

 Your Spells              Type           Power      Damage    Failure   Level
a - Sting                 Tmut/Pois      60%        1d6       3%          1
b - Poisonous Vapours     Pois/Air       30%        N/A       5%          2
c - Mephitic Cloud        Conj/Pois/Air  15%        N/A       11%         3
d - Ignite Poison         Fire/Tmut/Pois 15%        N/A       11%         3
e - Olgreb's Toxic Radia  Pois           15%        N/A       34%         4
f - Beastly Appendage     Tmut           30%        N/A       3%          1
Your spell library was empty.

Dungeon Overview and Level Annotations

Branches:
Dungeon (2/15)

Altars:


Innate Abilities, Weirdness & Mutations

You are immune to sickness and miasma.
You are immune to poison.
Your flesh is very heat resistant. (rF++)
You are vulnerable to cold. (rC-)
You float through the air rather than walking.
You learn spells naturally, not from books.
Your magical power is your life essence.
You have superior vitality. (+4 HP)


Message History

Unknown command.
Casting: Sting (safe; 3% risk of failure)
Confirm with . or Enter, or press ? or * to list all spells.
Aiming: Poisonous Vapours (safe; 5% risk of failure)
Press: ? - help, Dir - move target, f/p - gnoll
Aim: a gnoll, wielding a +0 flail Poisonous vapours surround the gnoll!
The gnoll is engulfed in poison gas.
The gnoll is poisoned.
Unknown command.
Casting: Poisonous Vapours (safe; 5% risk of failure)
Confirm with . or Enter, or press ? or * to list all spells.
Aiming: Poisonous Vapours (safe; 5% risk of failure)
Press: ? - help, Dir - move target, f/p - gnoll
Aim: a gnoll, wielding a +0 flail (lightly wounded, poisoned) Poisonous vapours surround the gnoll!
* * * LOW HITPOINT WARNING * * *
The gnoll is engulfed in poison gas.
The gnoll looks even sicker.
The gnoll completely misses you.
You kill the gnoll!
You have reached level 4!
You feel agile.
Casting: Poisonous Vapours (safe; 5% risk of failure)
Confirm with . or Enter, or press ? or * to list all spells.
Aiming: Poisonous Vapours (safe; 5% risk of failure)
Press: ? - help, Dir - move target, f - gnoll
Aim: a gnoll, wielding a +0 club Poisonous vapours surround the gnoll!
* * * LOW HITPOINT WARNING * * *
The gnoll is engulfed in poison gas.
The gnoll is poisoned.
Unknown command.
Casting: Poisonous Vapours (safe; 5% risk of failure)
Confirm with . or Enter, or press ? or * to list all spells.
Aiming: Poisonous Vapours (safe; 5% risk of failure)
Press: ? - help, Dir - move target, f/p - gnoll
Aim: a gnoll, wielding a +0 club (heavily wounded, poisoned) Poisonous vapours surround the gnoll!
* * * LOW HITPOINT WARNING * * *
The gnoll is engulfed in poison gas.
The gnoll looks even sicker.
The gnoll hits you with a +0 club.
You die...

##########################
.8.♣.♣.♣.♣.♣.♣.♣.♣.♣.8.♣.##
.....)........)g@.........#
.♣.♣.♣.♣.♣.♣.♣.8.♣.♣.♣.♣..#
#########################.#
# .........###..# ##
.............## .#
.........##### .#
.........# .# .........# .#
#######'##


You could see a gnoll (very poisoned).

Vanquished Creatures
  3 gnolls (D:2)
  A dart slug (D:1)
  3 bats
  2 endoplasms
  A giant cockroach (D:1)
  3 goblins
  3 hobgoblins
  3 jackals (D:2)
  A quokka (D:1)
  A ball python (D:1)
  4 kobolds
  A rat (D:1)
26 creatures vanquished.

Notes
Turn   | Place    | Note
-------+----------+-------------------------------------------
     0 | D:1      | Vomitron the Djinni Venom Mage began the quest for the Orb.
     0 | D:1      | Reached XP level 1. HP: 15/15 MP: 0/0
   355 | D:1      | Reached skill level 3 in Spellcasting
   355 | D:1      | Reached XP level 2. HP: 20/22 MP: 0/0
  1003 | D:2      | Reached skill level 1 in Fighting
  1071 | D:2      | Reached XP level 3. HP: 22/27 MP: 0/0
  1071 | D:2      | Learned a level 1 spell: Beastly Appendage
  1390 | D:2      | Reached XP level 4. HP: 9/32 MP: 0/0
  1391 | D:2      | Slain by a gnoll

Illustrated notes

Levels and vault maps discovered:
D:1:      saegor_arrival_simple_a, layout_rooms
D:2:      layout_basic, minivault_24, chequers_avenue, kennysheep_generic_room_2

Skill      XL: |  1  2 |
---------------+-------+-----
Spellcasting   | 3 |  3.7
Fighting       | 1 |  1.6
Dodging        | |  2.2
Stealth        | |  1.6

Action                   |  1- 3 |  4- 6 || total
-------------------------+-------+-------++-------
Melee: Unarmed           |     8 |       ||     8
       Whip              |     1 |       ||     1
 Cast: Sting             |    35 |       ||    35
       Poisonous Vapours |    10 |     2 ||    12
Armor: Robe              |     2 |       ||     2
Dodge: Dodged            |    14 |       ||    14

Table legend: (Time is in decaauts)
 A = Elapsed time spent in this place.
 B = Non-inter-level travel time spent in this place.
 C = Inter-level travel time spent in this place.
 D = Time resting spent in this place.
 E = Time spent auto-exploring this place.
 F = Levels seen in this place.
 G = Mean time per level.
                   A        B        C        D        E       F      G
               +--------+--------+--------+--------+--------+-----+--------+
         Total |   1390 |   1356 |     34 |    546 |    622 |   2 |  695.0 |
       Dungeon |   1390 |   1356 |     34 |    546 |    622 |   2 |  695.0 |
               +--------+--------+--------+--------+--------+-----+--------+

Top non-repeatable levels by time:
     D:1: 821 daAuts
     D:2: 569 daAuts
